 Dungeon Crawl Stone Soup version 0.29.0 (webtiles) character file.

Game seed: 15437483425736015328

1137 Renzlar the Shield-Bearer (level 8, -3/67 HPs)
             Began as a Gnoll Fighter on Aug 25, 2022.
             Was a Follower of Okawaru.
             Slain by a gnoll bouda
             ... wielding a +0 club
              (5 damage)
             ... on level 4 of the Dungeon.
             The game lasted 00:13:15 (3882 turns).

Renzlar the Shield-Bearer (Gnoll Fighter)           Turns: 3882, Time: 00:13:16

Health: -3/67      AC: 18    Str: 17    XL:     8   Next: 36%
Magic:  7/13       EV:  8    Int:  9    God:    Okawaru [*.....]
Gold:   21         SH:  5    Dex: 11    Spells: 13/13 levels left

rFire   . . .      SeeInvis .   a - +0 war axe
rCold   . . .      Faith    .   f - +0 buckler
rNeg    . . .      Spirit   .   n - +2 chain mail {rPois}
rPois   +          Reflect  .   p - +0 helmet
rElec   .          Harm     .   m - +0 cloak
rCorr   .          Rampage  .   (no gloves)
Will    .....                   q - +2 pair of boots {Stlth+}
Stlth   ..........              (no amulet)
HPRegen 0.21/turn               (no ring)
MPRegen 0.13/turn               (no ring)

@: weakened
A: fangs 1, strong nose, distributed training
a: Renounce Religion, Heroism


You were on level 4 of the Dungeon.
You worshipped Okawaru.
Okawaru was aware of your devotion.
You visited 2 branches of the dungeon, and saw 5 of its levels.

You collected 193 gold pieces.
You spent 172 gold pieces at shops.

Inventory:

Hand Weapons
 a - a +0 war axe (weapon)
 c - a +0 sling
 g - a +5 antimagic flail
 k - a +2 dagger of venom
Missiles
 d - 2 throwing nets
Armour
 f - a +0 buckler (worn)
 m - a +0 cloak (worn)
 n - a +2 chain mail of poison resistance (worn)
 p - a +0 helmet (worn)
 q - a +2 pair of boots of stealth (worn)
Jewellery
 e - a ring of ice
Wands
 j - a wand of quicksilver (4)
Scrolls
 i - a scroll of teleportation
 l - a scroll of poison
Potions
 h - 3 potions of curing


   Skills:
 + Level 7.4 Fighting
 + Level 3.3 Short Blades
 + Level 3.3 Long Blades
 + Level 5.7 Axes
 + Level 3.3 Maces & Flails
 + Level 3.3 Polearms
 + Level 3.3 Staves
 + Level 3.3 Ranged Weapons
 + Level 3.3 Throwing
 + Level 7.4 Armour
 + Level 3.3 Dodging
 + Level 3.3 Stealth
 + Level 7.4 Shields
 + Level 3.3 Unarmed Combat
 + Level 3.3 Spellcasting
 + Level 2.7 Conjurations
 + Level 2.7 Hexes
 + Level 2.7 Summonings
 + Level 2.7 Necromancy
 + Level 2.7 Translocations
 + Level 2.7 Transmutations
 + Level 2.7 Fire Magic
 + Level 2.7 Ice Magic
 + Level 2.7 Air Magic
 + Level 2.7 Earth Magic
 + Level 2.7 Poison Magic
 + Level 3.6 Invocations
 + Level 3.3 Evocations


You had 13 spell levels left.
You didn't know any spells.
Your spell library contained the following spells:

 Spells                   Type           Power      Damage    Failure   Level
 Malign Gateway           Summ/Tloc      Unusable   N/A       N/A         7
 Summon Horrible Things   Summ           Unusable   N/A       N/A         8

Dungeon Overview and Level Annotations

Branches:
Dungeon (4/15)             Temple (1/1) D:4

Altars:
Ashenzari
Cheibriados
Dithmenos
Elyvilon
Hepliaklqana
Kikubaaqudgha
Okawaru
Ru
Trog
Yredelemnul

Shops:
D:1 [


Innate Abilities, Weirdness & Mutations

You have very sharp teeth.
Your uncanny sense of smell can sniff out nearby items.
Your experience applies equally to all skills.


Message History

The gnoll bouda gazes fiercely through you!
You feel your attacks grow feeble. The gnoll bouda closely misses you.
The gnoll hits you but does no damage. x2
Unknown command.
You barely miss the gnoll bouda.
The gnoll bouda is heavily wounded.
You hit the gnoll. x2; The gnoll hits you but does no damage.
The gnoll bouda completely misses you. The gnoll hits you but does no damage.
The gnoll completely misses you. The gnoll barely misses you.
The gnoll bouda calls upon its god to heal the gnoll.
The gnoll is healed somewhat.
You slash the gnoll bouda!
The gnoll bouda is severely wounded.
You hit the gnoll. You hit the gnoll but do no damage.
The gnoll hits you but does no damage. The gnoll barely misses you. x2
The gnoll bouda gazes fiercely through you!
You feel as though you will be weak longer.
The gnoll bouda hits you with a +0 club!
* * * LOW HITPOINT WARNING * * *
You block the gnoll's attack.
Unknown command.
You completely miss the gnoll bouda. Your bite misses the gnoll bouda.
The gnoll bouda is severely wounded.
You hit the gnoll but do no damage. You barely miss the gnoll.
The gnoll closely misses you. The gnoll hits you but does no damage.
The gnoll bouda barks out a call to the hunt!
The gnolls pick up the pace!
The gnoll barely misses you.
You hit the gnoll bouda but do no damage.
The gnoll bouda is severely wounded.
You hit the gnoll. x2
You kill the gnoll!
Okawaru accepts your kill. The gnoll hits you but does no damage.
The gnoll bouda barely misses you. The gnoll completely misses you.
You block the gnoll's attack.
The gnoll bouda gazes fiercely through you!
You feel as though you will be weak longer.
The gnoll bouda hits you with a +0 club.
You die...

#..................
#..<..............
#>#.#...........#...
#........~~~.....#.. .
#.......~§§~~.........
..#.....~§§§)~§...##...
. ##....§§)>~§~........
#....§~§~)~§........
.......~~§~~g@.......
........§§~).gg......
.##....##..##).......
...... #....###.....
...... #.... ..##. ....
..... ... ...... ...
....... ... ......


You could see a gnoll bouda and 2 gnolls.

Vanquished Creatures
  Pikel (Temple)
  Edmund (D:4)
  2 black bears (Temple)
  A centaur (D:3)
  3 lemures (Temple)
  Crazy Yiuf (D:3)
  Jessica (D:3)
  Terence (D:3)
  Ijyb (D:4)
  Robin (D:3)
  8 gnolls
  5 adders
  6 worms
  3 orcs (D:3)
  2 ball pythons
  8 endoplasms
  10 goblins
  7 hobgoblins
  4 jackals (D:2)
  4 kobolds
  2 quokkas
  6 bats
  2 frilled lizards
  3 rats
83 creatures vanquished.

Notes
Turn   | Place    | Note
-------+----------+-------------------------------------------
     0 | D:1      | Renzlar the Gnoll Fighter began the quest for the Orb.
     0 | D:1      | Reached XP level 1. HP: 23/23 MP: 1/1
   278 | D:1      | Reached XP level 2. HP: 27/29 MP: 2/2
   698 | D:1      | Reached XP level 3. HP: 35/35 MP: 3/3
   785 | D:1      | Found Xyss's Antique Armour Boutique.
   901 | D:2      | Found a faded altar of an unknown god.
   992 | D:2      | Reached skill level 1 in Invocations
  1158 | D:2      | Reached skill level 1 in Short Blades
  1158 | D:2      | Reached skill level 1 in Long Blades
  1158 | D:2      | Reached skill level 1 in Maces & Flails
  1158 | D:2      | Reached skill level 1 in Polearms
  1158 | D:2      | Reached skill level 1 in Staves
  1158 | D:2      | Reached skill level 1 in Ranged Weapons
  1158 | D:2      | Reached skill level 1 in Throwing
  1158 | D:2      | Reached skill level 1 in Dodging
  1158 | D:2      | Reached skill level 1 in Stealth
  1158 | D:2      | Reached skill level 1 in Unarmed Combat
  1158 | D:2      | Reached skill level 1 in Spellcasting
  1158 | D:2      | Reached skill level 1 in Evocations
  1204 | D:2      | Reached XP level 4. HP: 30/41 MP: 5/5
  1435 | D:2      | Reached skill level 1 in Conjurations
  1435 | D:2      | Reached skill level 1 in Hexes
  1435 | D:2      | Reached skill level 1 in Summonings
  1435 | D:2      | Reached skill level 1 in Necromancy
  1435 | D:2      | Reached skill level 1 in Translocations
  1435 | D:2      | Reached skill level 1 in Transmutations
  1435 | D:2      | Reached skill level 1 in Fire Magic
  1435 | D:2      | Reached skill level 1 in Ice Magic
  1435 | D:2      | Reached skill level 1 in Air Magic
  1435 | D:2      | Reached skill level 1 in Earth Magic
  1435 | D:2      | Reached skill level 1 in Poison Magic
  2084 | D:3      | Noticed Terence
  2094 | D:3      | Killed Terence
  2095 | D:3      | Reached XP level 5. HP: 27/47 MP: 5/7
  2298 | D:3      | Noticed Jessica
  2305 | D:3      | Killed Jessica
  2332 | D:3      | Found a runed translucent door.
  2333 | D:3      | Noticed Crazy Yiuf
  2342 | D:3      | Killed Crazy Yiuf
  2550 | D:3      | Noticed Robin
  2571 | D:3      | Killed Robin
  2576 | D:3      | Reached XP level 6. HP: 48/51 MP: 8/8
  2637 | D:3      | Reached skill level 5 in Axes
  2974 | D:1      | Bought a pair of embroidered boots for 172 gold pieces
  3222 | D:4      | Found a staircase to the Ecumenical Temple.
  3224 | D:4      | Noticed a black bear
  3227 | D:4      | Noticed Pikel
  3229 | Temple   | Entered the Ecumenical Temple
  3235 | Temple   | Became a worshipper of Warmaster Okawaru
  3245 | Temple   | Killed a black bear
  3354 | D:4      | Noticed Edmund
  3354 | D:4      | Noticed a black bear
  3362 | D:4      | Noticed Ijyb
  3579 | Temple   | Killed a black bear
  3580 | Temple   | Reached XP level 7. HP: 24/60 MP: 10/10
  3586 | Temple   | Killed Pikel
  3586 | Temple   | Reached * piety under Okawaru
  3587 | Temple   | Reached XP level 8. HP: 21/67 MP: 10/12
  3813 | D:4      | Killed Edmund
  3844 | D:4      | Killed Ijyb
  3879 | D:4      | HP: 1/67 [gnoll bouda/+0 club (8)]
  3882 | D:4      | Slain by a gnoll bouda

Illustrated notes

Levels and vault maps discovered:
D:1:      co_arrival_hall_of_pillars, layout_basic, serial_shops,
          nicolae_lakefront_shop, minmay_misc_feat_diagonals,
          minmay_pentomino_x4
D:2:      layout_basic, shapermc_ecumenical_altar_totnotflames
D:3:      layout_rooms, hangedman_abyss_or_decor_stabs, minmay_misc_feat_alley,
          chequers_serial_rivers_marsh, uniq_jessica, uniq_crazy_yiuf_cottage,
          uniq_terence, uniq_robin
D:4:      layout_cave_pools, mainiacjoe_overflow_tiny_flanked,
          nicolae_tso_carved_into_rock, zin_angel, minmay_temple_entry_mist,
          minmay_small_thing, uniq_pikel, uniq_ijyb, uniq_edmund
Temple:   hellmonk_temple_micro_hex

Skill      XL: |  1  2  3  4  5  6  7 |
---------------+----------------------+-----
Invocations    | 1 2 3 |  3.6
Short Blades   | 1 2 3 |  3.3
Long Blades    | 1 2 3 |  3.3
Maces & Flails | 1 2 3 |  3.3
Polearms       | 1 2 3 |  3.3
Staves         | 1 2 3 |  3.3
Ranged Weapons | 1 2 3 |  3.3
Throwing       | 1 2 3 |  3.3
Dodging        | 1 2 3 |  3.3
Stealth        | 1 2 3 |  3.3
Unarmed Combat | 1 2 3 |  3.3
Spellcasting   | 1 2 3 |  3.3
Evocations     | 1 2 3 |  3.3
Conjurations   | 1 2 |  2.7
Hexes          | 1 2 |  2.7
Summonings     | 1 2 |  2.7
Necromancy     | 1 2 |  2.7
Translocations | 1 2 |  2.7
Transmutations | 1 2 |  2.7
Fire Magic     | 1 2 |  2.7
Ice Magic      | 1 2 |  2.7
Air Magic      | 1 2 |  2.7
Earth Magic    | 1 2 |  2.7
Poison Magic   | 1 2 |  2.7
Axes           | 5 |  5.7
Fighting       | 7 |  7.4
Armour         | 7 |  7.4
Shields        | 7 |  7.4

Action                   |  1- 3 |  4- 6 |  7- 9 || total
-------------------------+-------+-------+-------++-------
Melee: War axe           |    87 |   129 |    39 ||   255
       Bite              |     6 |    14 |     5 ||    25
       Flail             |       |       |    12 ||    12
 Fire: Sling             |    22 |    60 |     4 ||    86
Invok: Heroism           |       |       |     1 ||     1
  Use: Scroll            |     6 |     3 |       ||     9
       Potion            |       |     2 |       ||     2
Armor: Scale mail        |    57 |   101 |    11 ||   169
       Chain mail        |       |       |    28 ||    28
Dodge: Dodged            |    46 |    89 |    53 ||   188
Block: Buckler           |    17 |    61 |    23 ||   101
